 Dungeon Crawl Stone Soup version 0.29.0-4-gdea44cf6ec (webtiles) character file.

Game seed: 18420405658957663785

58 qw the Chopper (level 4, -6/26 HPs)
             Began as a Tengu Warper on Aug 29, 2022.
             Was an Initiate of Okawaru.
             Blown up by Ijyb (18 damage)
             ... with a mindburst bolt
             ... on level 3 of the Dungeon.
             The game lasted 00:00:29 (1768 turns).

qw the Chopper (Tengu Warper)                       Turns: 1768, Time: 00:00:30

Health: -6/26      AC:  6    Str: 14    XL:     4   Next: 1%
Magic:  8/8        EV: 12    Int: 13    God:    Okawaru [......]
Gold:   54         SH:  0    Dex: 13    Spells: 7/7 levels left

rFire   . . .      SeeInvis .   Y - +1 hand axe
rCold   . . .      Faith    .   (no shield)
rNeg    . . .      Spirit   .   b - +0 leather armour
rPois   .          Reflect  .   (helmet restricted)
rElec   .          Harm     .   (no cloak)
rCorr   .          Rampage  .   c - +2 pair of gloves
Will    .....                   (boots unavailable)
Stlth   +.........              h - amulet of regeneration
HPRegen 0.88/turn               (no ring)
MPRegen 0.11/turn               (no ring)

@: no status effects
A: beak, talons 3
a: Renounce Religion


You were on level 3 of the Dungeon.
You worshipped Okawaru.
Okawaru was noncommittal.
You visited 1 branch of the dungeon, and saw 3 of its levels.

You collected 54 gold pieces.


Innate Abilities, Weirdness & Mutations

You have a beak for a mouth.
You have claws for feet.


   Skills:
 - Level 2.0 Fighting
 + Level 4.6 Axes
 - Level 1.0 Throwing
 - Level 1.1 Armour
 - Level 2.1 Dodging
 - Level 2.0 Spellcasting
 - Level 2.4 Translocations


You had 7 spell levels left.
You didn't know any spells.
Your spell library contained the following spells:

 Spells                   Type           Power      Damage    Failure   Level
 Blink                    Tloc           14%        N/A       19%         2
 Gell's Gravitas          Tloc           7%         N/A       34%         3
 Lesser Beckoning         Tloc           7%         N/A       34%         3
 Teleport Other           Tloc           7%         N/A       34%         3
 Manifold Assault         Tloc           7%         N/A       97%         5

Inventory:

Hand Weapons
 l - a +0 mace
 Y - a +1 hand axe (weapon)
Missiles
 i - 4 boomerangs (quivered)
Armour
 b - a +0 leather armour (worn)
 c - a +2 pair of gloves (worn)
Jewellery
 h - an amulet of regeneration (around neck)
Scrolls
 a - a scroll of identify
Potions
 d - a potion of mutation {unknown}
 e - a potion of curing {unknown}
 f - a potion of cancellation {unknown}
 g - a potion of lignification {unknown}

Dungeon Overview and Level Annotations

Branches:
Dungeon (3/15)

Altars:
Okawaru

Annotations:
D:3 Ijyb


Message History

h - an amulet of regeneration (around neck) Done exploring.
1714 ||| READING 2 scrolls labelled WESABE AN WATO.
As you read the scroll labelled WESABE AN WATO, it crumbles to dust.
It is a scroll of identify.
Really abort (and waste the scroll)?
Done exploring.
(D) Dungeon
Where to? (* - list waypoints, Enter - D:2 @ (x,y), ? - help)
What level of the Dungeon? (default 1, ? - help)
There is a stone staircase leading down here.
You climb downwards.
Found a glowing spear.
There is a stone staircase leading up here.
Existing waypoints: (1) D:2 (2) D:1 Assign waypoint to what number? (0-9, D - delete waypoint) Waypoint 2 re-assigned from D:1 to D:3.
Enter note: You see here a +2 vampiric spear.
Found an escape hatch in the floor.
Ijyb the Twisted Goblin comes into view.
She is wielding a +0 club and carrying a wand of mindburst (16).
Ijyb shouts!
Ijyb drinks a potion.
Ijyb flickers and vanishes!
Deactivating autopickup; reactivate with Ctrl-A.
You swing at nothing.
You hear a zap.
Your mind is blasted!
You swing at nothing.
You swing at nothing.
You swing at nothing.
You swing at nothing.
You swing at nothing.
You hear a zap.
Your mind is blasted!
You swing at nothing.
You hear a zap.
Your mind is blasted!
Ouch! That really hurt!
You die...

# # #.#.
....#####
......#
....#
####..#
#..>.@#
#.###.# #.#
#.####
###)...#
#...##.#
#...##.#
#..<...#
........####


There were no monsters in sight!

Vanquished Creatures
  3 adders (D:2)
  A dart slug (D:2)
  5 endoplasms
  2 hobgoblins
  3 jackals (D:2)
  3 kobolds
  4 ball pythons
  A bat (D:2)
  2 frilled lizards (D:2)
  6 rats
30 creatures vanquished.

Notes
Turn   | Place    | Note
-------+----------+-------------------------------------------
     0 | D:1      | qw the Tengu Warper began the quest for the Orb.
     0 | D:1      | Reached XP level 1. HP: 12/12 MP: 4/4
     0 | D:1      | 0 ||| qw: Version: 0.1-a-89-g26bdef1
     0 | D:1      | 0 ||| qw: Game counter: 3595
     0 | D:1      | 0 ||| qw: Always use a shield: true
     0 | D:1      | 0 ||| qw: God list: Okawaru
     0 | D:1      | 0 ||| qw: Allow faded altars: false
     0 | D:1      | 0 ||| qw: Do Orc after D:15 true
     0 | D:1      | 0 ||| qw: Do second Lair branch before Depths: true
     0 | D:1      | 0 ||| qw: Lair rune preference: random
     0 | D:1      | 0 ||| qw: Plans: Normal
     0 | D:1      | 0 ||| PLANNING D:1-11
    15 | D:1      | 15 ||| Stepping ~*~*~tactically~*~*~ (stealth).
   242 | D:1      | 242 ||| Stepping ~*~*~tactically~*~*~ (stealth).
   243 | D:1      | 243 ||| DROPPING +0 club.
   247 | D:1      | 247 ||| Stepping ~*~*~tactically~*~*~ (stealth).
   471 | D:1      | 471 ||| READING scroll labelled APTOUDD BUTSE.
   595 | D:1      | 595 ||| READING scroll labelled TAFAAM LUSEBE.
   596 | D:1      | 596 ||| READING scroll labelled GILOTO IDEOQA.
   597 | D:1      | 597 ||| DROPPING scroll of blinking.
   698 | D:2      | Reached skill level 3 in Axes
   698 | D:2      | Reached XP level 2. HP: 15/17 MP: 6/6
   772 | D:2      | Found a faded altar of an unknown god.
   858 | D:2      | 858 ||| Stepping ~*~*~tactically~*~*~ (stealth).
   859 | D:2      | 859 ||| Stepping ~*~*~tactically~*~*~ (stealth).
   860 | D:2      | 860 ||| Stepping ~*~*~tactically~*~*~ (stealth).
   861 | D:2      | 861 ||| Stepping ~*~*~tactically~*~*~ (stealth).
  1003 | D:2      | Reached skill level 4 in Axes
  1003 | D:2      | Reached XP level 3. HP: 19/21 MP: 7/7
  1082 | D:2      | Found an iron altar of Okawaru.
  1095 | D:2      | Became a worshipper of Warmaster Okawaru
  1490 | D:2      | 1490 ||| Stepping ~*~*~tactically~*~*~ (stealth).
  1492 | D:2      | 1492 ||| Stepping ~*~*~tactically~*~*~ (stealth).
  1621 | D:2      | 1621 ||| Stepping ~*~*~tactically~*~*~ (stealth).
  1623 | D:2      | 1623 ||| Stepping ~*~*~tactically~*~*~ (stealth).
  1634 | D:2      | 1634 ||| Stepping ~*~*~tactically~*~*~ (stealth).
  1647 | D:2      | Reached XP level 4. HP: 26/26 MP: 8/8
  1704 | D:2      | 1704 ||| UPGRADING to +2 pair of gloves.
  1709 | D:2      | 1709 ||| UPGRADING to amulet of regeneration.
  1714 | D:2      | 1714 ||| READING 2 scrolls labelled WESABE AN WATO.
  1761 | D:3      | Noticed Ijyb
  1768 | D:3      | Blown up by Ijyb

Levels and vault maps discovered:
D:1:      co_arrival_hall_of_pillars, layout_basic
D:2:      layout_loops_ring, shapermc_ecumenical_altar_hornbeckon, basic_altar,
          roderic_roman_lattice, grunt_decor_junction
D:3:      layout_basic, grunt_temple_overflow_diamond, uniq_ijyb

Skill      XL: |  1  2 |
---------------+-------+-----
Axes           | 3 4 |  4.6
Fighting       | |  2.0
Throwing       | |  1.0
Armour         | |  1.1
Dodging        | |  2.1
Spellcasting   | |  2.0
Translocations | |  2.4

Action                   |  1- 3 |  4- 6 || total
-------------------------+-------+-------++-------
Melee: Hand axe          |    37 |       ||    37
       Kick              |    10 |       ||    10
       Peck              |     3 |       ||     3
       Punch             |     1 |       ||     1
Throw: Boomerang         |    44 |     1 ||    45
  Use: Scroll            |     3 |     1 ||     4
Armor: Leather armour    |    11 |       ||    11
Dodge: Dodged            |    19 |       ||    19

Table legend:
 A = Non-vault XP
 B = Vault XP
 C = Vault XP percentage of total XP
 D = Non-vault monster count
 E = Vault monster count
 F = Vault count percentage of total count
                 A         B        C        D         E       F
            +---------+---------+-------+---------+---------+-------
      Total |      83 |       0 |   0.0 |      30 |       0 |   0.0
            +---------+---------+-------+---------+---------+-------
        D:1 |       9 |       0 |   0.0 |       6 |       0 |   0.0
        D:2 |      74 |       0 |   0.0 |      24 |       0 |   0.0
            +---------+---------+-------+---------+---------+-------
